AoeStats
← willrhyd

African Clearing

510371525Analyzed
4v4 RM · 1d ago on Sep 30, 2026· 26m 12s· 8 players
Game mode
Random Map
Map size
Large (8 player)
Population
200
Speed
Normal
Resources
Standard
Victory
Conquest
Starting age
Dark Age
Ending age
Imperial Age
RankedLock teamsTeams togetherTeam positionsShared explorationLock speedFull tech treeHidden civsTurbo modeCheats
Victory
Defeat
🇬🇧 Persians · United Kingdom
1420
+15
🇮🇩 Malay · Indonesia
1418
+16
🇮🇳 Mongols · India
1397
+16
🇮🇳 Franks · India
1385
+17
🇨🇳 Spanish · China
1435
-17
🇹🇷 Cumans · Türkiye
1421
-16
🇨🇿 Mongols · Czechia
1418
-17
🇪🇸 Saxons · Spain
1357
-14
willrhyd
11:52 Feudal Age
16:06 Castle Age
14:18 Double-Bit Axe
15:06 Fletching
18:19 Loom
19:48 Horse Collar
21:00 Bodkin Arrow
22:22 Padded Archer Armor
23:37 Bloodlines
_SHiX_
10:37 Loom
13:29 Feudal Age
18:31 Castle Age
18:31 Double-Bit Axe
24:33 Padded Archer Armor
24:55 Fishing Lines
25:56 Fletching
26:43 Bow Saw
Embege
4:02 Loom
13:50 Feudal Age
17:48 Castle Age
16:49 Double-Bit Axe
20:28 Bow Saw
24:45 Forging
Broken Angel
4:35 Loom
13:25 Feudal Age
17:40 Castle Age
18:53 Fletching
19:53 Double-Bit Axe
25:12 Ballistics
25:12 Bodkin Arrow
Grimbel
4:40 Loom
13:52 Feudal Age
14:24 Double-Bit Axe
14:27 Horse Collar
20:50 Castle Age
21:53 Wheelbarrow
22:04 Heavy Plow
kest
5:22 Loom
11:38 Feudal Age
16:40 Castle Age
15:28 Fletching
16:06 Double-Bit Axe
21:54 Bodkin Arrow
xinyuan.zhao22
14:34 Feudal Age
12:50 Loom
18:08 Castle Age
16:48 Padded Archer Armor
16:36 Double-Bit Axe
18:56 Gold Mining
19:23 Bow Saw
25:07 Loom
26:53 Wheelbarrow
Dwight
8:56 Loom
11:50 Feudal Age
12:32 Double-Bit Axe
12:49 Horse Collar
20:01 Gold Mining
23:57 Castle Age
22:36 Scale Barding Armor
23:34 Bloodlines
Connection lost

Rejoining the realm…

Still unreachable

The connection could not be restored.

Session expired

The server has moved on; the page needs a fresh start.